 Dungeon Crawl Stone Soup version 0.30-a0-711-gf4ac18a38d (webtiles) character file.

Game seed: 1907078131946057992

21 wormed the Firebug (level 2, -3/20 HPs)
             Began as a Demonspawn Fire Elementalist on Jan 22, 2023.
             Slain by an orc priest
             ... wielding a +2 mace of protection
              (8 damage)
             ... on level 1 of the Dungeon.
             The game lasted 00:01:14 (1048 turns).

wormed the Firebug (Demonspawn Fire Elementalist)   Turns: 1048, Time: 00:01:14

Health: -3/20      AC:  2    Str:  8    XL:     2   Next: 62%
Magic:  5/5        EV: 12    Int: 16    God:
Gold:   56         SH:  0    Dex: 13    Spells: 2/5 levels left

rFire   . . .      SeeInvis .    e - +0 short sword (drain)
rCold   . . .      Faith    .    (no shield)
rNeg    . . .      Spirit   .    a - +0 robe
rPois   .          Reflect  .    (no helmet)
rElec   .          Harm     .    (no cloak)
rCorr   .          Rampage  .    (no gloves)
Will    .....                    (no boots)
Stlth   ++                       (no amulet)
HPRegen 0.23/turn                (no ring)
MPRegen 0.09/turn                (no ring)

@: no status effects
A: demonic magic 1
a: no special abilities


You were on level 1 of the Dungeon.
You visited 1 branch of the dungeon, and saw 2 of its levels.

You collected 56 gold pieces.

Inventory:

Hand Weapons
 e - a +0 short sword of draining (weapon)
Armour
 a - a +0 robe (worn)
Jewellery
 d - an amulet of the acrobat
Scrolls
 f - a scroll of teleportation {unknown}
 g - a scroll of identify {unknown}
Potions
 c - a potion of lignification {unknown}
 h - a potion of brilliance {unknown}


   Skills:
 + Level 0.5 Fighting
 + Level 2.0 Dodging
 + Level 2.0 Stealth
 + Level 2.2 Spellcasting
 + Level 1.3 Conjurations
 + Level 2.9 Fire Magic


You had 2 spell levels left.
You knew the following spells:

 Your Spells              Type           Power      Damage    Failure   Level
a - Foxfire               Conj/Fire      32%        2x1d5     9%          1
b - Scorch                Fire           22%        2d6       9%          2

Your spell library contained the following spells:

 Spells                   Type           Power      Damage    Failure   Level
 Inner Flame              Hex/Fire       6%         N/A       32%         3
 Kindle Blastsparks       Fire/Tloc/Air  8%         2d10      38%         3
 Flame Wave               Conj/Fire      8%         2d5       63%         4


Dungeon Overview and Level Annotations

Branches:
Dungeon (2/15)

Altars:


Innate Abilities, Weirdness & Mutations

Spells you cast may paralyse adjacent enemies.


Message History

The orc priest shouts!
The orc priest is moderately wounded.
The orc priest's fire resistance burns away.
Malevolent energies surge around you.
You hear a shout!
An orc comes into view. It is wielding a +0 short sword.
The orc shouts!
Casting: Scorch (safe; 9% risk of failure)
Confirm with . or Enter, or press ? or * to list all spells.
Flames lash the orc.
You kill the orc!
Malevolent energies surge around you.
An orc comes into view. It is wielding a +0 hand axe.
Your Dodging skill increases to level 2!
Casting: Scorch (safe; 9% risk of failure)
Confirm with . or Enter, or press ? or * to list all spells.
You don't have enough magic to cast this spell.
The orc priest closely misses you.
You climb upwards.
There is a stone staircase leading down here.
You hit the orc priest but do no damage.
You drain the orc priest.
The orc priest is heavily wounded.
The orc priest hits you with a +2 mace of protection.
You closely miss the orc priest.
The orc priest is heavily wounded.
The orc priest is no longer more vulnerable to fire.
The orc priest calls down the wrath of Beogh upon you.
Beogh smites you!
Ouch! That really hurt!
* * * LOW HITPOINT WARNING * * *
You hit the orc priest but do no damage.
The orc priest is heavily wounded.
The orc priest hits you but does no damage.
Casting: Scorch (safe; 9% risk of failure)
Confirm with . or Enter, or press ? or * to list all spells.
You don't have enough magic to cast this spell.
Magic courses through your body.
The orc priest hits you with a +2 mace of protection!
You die...

#...####.###.###..#...#.#
#...####.###.###..#...#..
#........................
##..#........###..#...#.#
#..#........# #..#...#.#
#..#........# #..#...#.#
#..#........# #......#.#
#......o##..###......#.#
#......@................
######...###.................
#............................
######)#.###.#...#.#.....#.†.
#............................
######.......................
#.#.....#...#.......#...
#.#.....+...........#...
#.#.....#...#.......#...


You could see an orc priest (very drained).

Vanquished Creatures
  An orc (D:2)
  A ball python (D:1)
  2 bats (D:1)
  An endoplasm (D:1)
  3 hobgoblins (D:1)
  3 kobolds (D:1)
  A quokka (D:1)
  6 rats (D:1)
18 creatures vanquished.

Vanquished Creatures (others)
  14 foxfires (D:1)
14 creatures vanquished.

Grand Total: 32 creatures vanquished

Notes
Turn   | Place    | Note
-------+----------+-------------------------------------------
     0 | D:1      | wormed the Demonspawn Fire Elementalist began the quest for
                  | the Orb.
     0 | D:1      | Reached XP level 1. HP: 13/13 MP: 3/3
   346 | D:1      | Gained mutation: Spells you cast may paralyse adjacent
                  | enemies. [demonic ancestry]
   346 | D:1      | Reached XP level 2. HP: 20/20 MP: 5/5
   631 | D:1      | Found a faded altar of an unknown god.
  1039 | D:1      | Learned a level 2 spell: Scorch
  1048 | D:1      | Slain by an orc priest

Illustrated notes

Levels and vault maps discovered:
D:1:      dpeg_arrival_ratfight, layout_basic,
          dilly_ecumenical_altar_fadedgnrine, minmay_quantized
D:2:      layout_loops_ring, serial_rivers, chequers_serial_rivers_micro_d,
          chequers_serial_rivers_large_a, chequers_serial_rivers_micro_b,
          chequers_serial_rivers_small_b, chequers_serial_rivers_marsh,
          chequers_serial_rivers_large_b, uniq_crazy_yiuf_cottage

Skill      XL: |  1  2 |
---------------+-------+-----
Stealth        | 2 |  2.0
Dodging        | 2 |  2.0
Fighting       | |  0.5
Spellcasting   | |  2.2
Conjurations   | |  1.3
Fire Magic     | |  2.9

Action                     || total
---------------------------++-------
  Melee: Short sword       ||    37
         Punch             ||     1
   Cast: Foxfire           ||     9
         Scorch            ||     2
    Use: Potion            ||     1
   Stab: Sleeping          ||     2
         Paralysed         ||     4
 Armour: Robe              ||     8
  Dodge: Dodged            ||    29

Table legend: (Time is in decaauts)
 A = Elapsed time spent in this place.
 B = Non-inter-level travel time spent in this place.
 C = Inter-level travel time spent in this place.
 D = Time resting spent in this place.
 E = Time spent auto-exploring this place.
 F = Levels seen in this place.
 G = Mean time per level.
                   A        B        C        D        E       F      G
               +--------+--------+--------+--------+--------+-----+--------+
         Total |   1047 |    953 |     94 |      0 |    819 |   2 |  523.5 |
       Dungeon |   1047 |    953 |     94 |      0 |    819 |   2 |  523.5 |
               +--------+--------+--------+--------+--------+-----+--------+

Top non-repeatable levels by time:
     D:1: 1044 daAuts
     D:2: 3 daAuts
